[Event "Titled Tuesday Blitz November 14 Early 2023"]
[White "Rosen, Eric"]
[Black "Jovic, Stanoje"]
[WhiteFideId "2032562"]
[BlackFideId "905020"]
[WhiteElo "2787"]
[BlackElo "2507"]
[Result "1/2-1/2"]
[Round "3"]
[TimeControl "180+1"]
[Date "2023.11.14"]
[WhiteClock "0:00:04"]
[BlackClock "0:00:37"]
[Board "87"]

1. e4 c6 2. d4 d5 3. Nc3 dxe4 4. Nxe4 Nf6 5. Nxf6+ exf6 6. Be3 Bd6 7. Bd3 O-O 8. Ne2 Qc7 9. Ng3 Re8 10. O-O Nd7 11. c4 Nf8 12. Qd2 Ng6 13. f4 c5 14. d5 Bd7 15. Rae1 Re7 16. Nf5 Bxf5 17. Bxf5 Rae8 18. g3 a6 19. Bf2 b5 20. b3 b4 21. Rxe7 Rxe7 22. Re1 Rxe1+ 23. Qxe1 Qe7 24. h4 Qxe1+ 25. Bxe1 Ne7 26. Bd3 f5 27. h5 h6 28. Bd2 Kf8 29. Kf2 Ke8 30. Bc1 Kd8 31. Bb2 f6 32. Kf3 Kc7 33. Bf1 Kb6 34. Bh3 a5 35. Bf1 a4 36. bxa4 Ka5 37. Bd3 Kxa4 38. Bc2+ Ka5 39. Ke3 Bc7 40. Kd2 Bd6 41. Bd3 Ka4 42. Bc2+ Ka5 43. Bd1 Bc7 44. Kc2 Nc8 45. a3 bxa3 46. Bxa3 Kb6 47. Kd3 Nd6 48. Bf3 Bd8 49. Bg2 Bc7 50. Bc1 Bd8 51. Be3 Bc7 52. Bf3 Bd8 53. Bg1 Bc7 54. Be3 Bd8 55. g4 fxg4 56. Bxg4 f5 57. Bf3 Bf6 58. Bd2 Bd4 59. Be1 Ne8 60. Kc2 Nd6 61. Kb3 Be3 62. Bg3 Ne4 63. Bxe4 fxe4 64. f5 Bd4 65. Kc2 Kb7 66. Kd2 Kc8 67. Bf4 Kd7 68. Be3 Kd6 69. Bf4+ Kd7 70. Ke2 Ke7 71. Be3 Kd6 72. Bf2 Ke5 73. Bxd4+ cxd4 74. Kd2 Kxf5 75. c5 Ke5 76. c6 Kd6 77. Ke2 Kc7 78. Kd2 Kd6 79. Ke2 Kc7 80. Kf2 Kd6 81. Ke1 Kc7 82. Kd2 Kd6 1/2-1/2


[Site "https://www.chess.com"]

[Event "Titled Tuesday Blitz November 14 Early 2023"]
[White "Chernomordik, Pavel"]
[Black "Costachi, Mihnea"]
[WhiteFideId "2804530"]
[BlackFideId "1217518"]
[WhiteElo "2507"]
[BlackElo "2765"]
[Result "1/2-1/2"]
[Round "3"]
[TimeControl "180+1"]
[Date "2023.11.14"]
[WhiteClock "0:00:09"]
[BlackClock "0:00:45"]
[Board "88"]

1. e4 e6 2. Nc3 d5 3. d4 Bb4 4. Ne2 c5 5. a3 Bxc3+ 6. Nxc3 dxe4 7. dxc5 Qxd1+ 8. Kxd1 Nf6 9. Nb5 Na6 10. Nd6+ Ke7 11. b4 Rd8 12. Bxa6 bxa6 13. Ke2 Bd7 14. c4 Ba4 15. Bb2 Bc2 16. Rac1 Bd3+ 17. Kd2 Ne8 18. Be5 f6 19. Bg3 e5 20. Ke3 Nxd6 21. cxd6+ Rxd6 22. Rhd1 Rad8 23. c5 Rd4 24. f3 Ke6 25. Be1 f5 26. g3 exf3 27. c6 Be4 28. Rxd4 exd4+ 29. Kd2 Rc8 30. c7 Kd7 31. Bf2 Rxc7 32. Rxc7+ Kxc7 33. Bxd4 g6 34. Bxa7 Kc6 35. Bf2 Kd5 36. Kc3 Bb1 37. a4 Be4 38. b5 axb5 39. axb5 Ke5 40. b6 Bb7 41. Kd3 g5 42. Bd4+ Ke6 43. Be3 Kf6 44. Kd2 Kg6 45. Ke1 Kh5 46. Kf2 Kg4 47. h3+ Kh5 48. Bd2 h6 49. Be3 Kg6 50. Bd2 Kf6 51. Bc3+ Kf7 52. Bd4 Kg6 53. Be5 Kf7 54. Bd4 Ke6 55. Bg7 h5 56. Bh6 Kf6 57. Bf8 Ke5 58. Be7 g4 59. h4 f4 60. Bd8 fxg3+ 61. Kxg3 Ke4 62. Be7 Ke3 63. Bc5+ Ke2 64. Bf2 Kf1 65. Bc5 Bc6 66. Bd4 Ke2 67. Bc5 Kd3 68. Bf2 Bb7 69. Bg1 Kc4 70. Be3 Kb5 71. Bf2 Kc6 72. Be3 Kd5 73. Bf2 Ke4 74. Bc5 Kd3 75. Bf2 Ke2 76. Bc5 Bc6 77. Bd4 Bd5 78. Bc5 Kd3 79. Bf2 Ke4 80. Bc5 Bb7 81. Bf2 Kd5 82. Be3 Kc4 83. Bf2 Kd3 84. Bc5 Kc3 85. Bf2 Kb4 86. Be3 Kc4 87. Bf2 Kd3 1/2-1/2


[Site "https://www.chess.com"]

[Event "Titled Tuesday Blitz November 14 Early 2023"]
[White "Sokolovsky, Yahli"]
[Black "Sreyas Payyappat"]
[WhiteFideId "2820242"]
[BlackFideId "46674969"]
[WhiteElo "2759"]
[BlackElo "2507"]
[Result "1-0"]
[Round "3"]
[TimeControl "180+1"]
[Date "2023.11.14"]
[WhiteClock "0:00:06"]
[BlackClock "0:00:04"]
[Board "89"]

1. b3 e5 2. Bb2 Nc6 3. e3 d5 4. Nf3 Bd6 5. c4 Nf6 6. Nc3 d4 7. exd4 exd4 8. Nb5 Bc5 9. Qe2+ Be6 10. Ng5 O-O 11. Nxe6 fxe6 12. d3 e5 13. f3 Qe7 14. a4 Na5 15. Qc2 Nh5 16. g3 Rxf3 17. Be2 e4 18. O-O-O exd3 19. Rxd3 Rf2 20. Rd2 Qe3 21. Kb1 Bb4 22. Bxd4 Qxd2 23. Qxd2 Bxd2 24. Bxf2 Nxb3 25. Kc2 Na5 26. Kxd2 Nf6 27. Bf3 Rf8 28. Na3 Nb3+ 29. Kc3 Na5 30. Bc5 Re8 31. Rd1 g6 32. Bd4 Nh5 33. Bxh5 gxh5 34. Nc2 Re2 35. Rd2 Re4 36. Ne3 b6 37. Nd5 c5 38. Nf6+ Kf7 39. Nxe4 cxd4+ 40. Rxd4 1-0


[Site "https://www.chess.com"]

[Event "Titled Tuesday Blitz November 14 Early 2023"]
[White "Bryakin, Mikhail"]
[Black "Shuvalov, Evgenij"]
[WhiteFideId "4165314"]
[BlackFideId "4187237"]
[WhiteElo "2757"]
[BlackElo "2506"]
[Result "1-0"]
[Round "3"]
[TimeControl "180+1"]
[Date "2023.11.14"]
[WhiteClock "0:00:10"]
[BlackClock "0:00:03"]
[Board "90"]

1. g4 d5 2. g5 e5 3. d3 h6 4. h4 hxg5 5. Bxg5 Be7 6. Bxe7 Qxe7 7. h5 Bg4 8. c4 Qb4+ 9. Qd2 Qxd2+ 10. Nxd2 d4 11. Bg2 Nc6 12. Bf3 Bxf3 13. Ngxf3 Nf6 14. b4 Nxb4 15. Rb1 Nc6 16. Rxb7 O-O-O 17. Rb5 Nd7 18. Rg1 Rdg8 19. Rh1 g5 20. Ne4 f6 21. Ng3 g4 22. Nh4 a6 23. Rb1 Ne7 24. Nhf5 Nxf5 25. Nxf5 Rh7 26. Kd2 Rg5 27. Ng3 f5 28. h6 f4 29. Ne4 Rg6 30. Rbg1 Kd8 31. Rh5 Ke7 32. c5 Ke6 33. Ng5+ Rxg5 34. Rxg5 Rxh6 35. R1xg4 Nf6 36. Rg6 Rh2 37. Rg2 Rh1 38. Rg7 c6 39. Ra7 Kd5 40. Rxa6 Rh6 41. Rg5 Nd7 42. Ra5 Nxc5 43. Rxc5+ Kxc5 44. Rxe5+ Kb4 45. Rf5 c5 46. a3+ Kb5 47. a4+ Kb4 48. Rxf4 Ra6 49. Rf8 Rxa4 50. Rb8+ Ka3 51. e4 dxe3+ 52. Kxe3 c4 53. dxc4 Rxc4 54. f4 Rc1 55. f5 Rf1 56. Ke4 Ka4 57. Ke5 Ka5 58. f6 Ka6 59. Rb3 Re1+ 60. Kd6 Rf1 61. Ke7 Re1+ 62. Kf8 Rf1 63. f7 Ka7 64. Re3 1-0


[Site "https://www.chess.com"]

[Event "Titled Tuesday Blitz November 14 Early 2023"]
[White "Kanyamarala, Trisha"]
[Black "Goltsev, Dmitry"]
[WhiteFideId "45004722"]
[BlackFideId "24176710"]
[WhiteElo "2506"]
[BlackElo "2753"]
[Result "1-0"]
[Round "3"]
[TimeControl "180+1"]
[Date "2023.11.14"]
[WhiteClock "0:00:06"]
[BlackClock "0:00:08"]
[Board "91"]

1. c4 e5 2. Nc3 Nf6 3. g3 c6 4. Nf3 Bd6 5. Bg2 O-O 6. O-O Bc7 7. d3 d5 8. Rb1 a5 9. a3 Na6 10. b4 axb4 11. axb4 e4 12. Nd4 Be5 13. e3 Nxb4 14. dxe4 dxc4 15. Rxb4 c5 16. Rxc4 cxd4 17. exd4 Be6 18. Rb4 Bd6 19. Rxb7 Bc4 20. Re1 Qa5 21. Bd2 Bb4 22. Rxb4 Qxb4 23. Nd5 Qb3 24. Nxf6+ gxf6 25. Qg4+ Kh8 26. Bh6 Rg8 27. Qf4 Qb6 28. e5 Rae8 29. Rc1 fxe5 30. dxe5 Bb3 31. Bg5 Rg6 32. Be4 Kg8 33. Bxg6 Qxg6 34. Bf6 Bd5 35. h4 Rb8 36. Rd1 Rb1 37. Qd2 Qe4 38. Qg5+ Qg6 39. Qxg6+ hxg6 40. Rxb1 g5 41. Rb8+ Kh7 42. hxg5 Kg6 43. Rg8+ Kh5 44. Rh8+ Kg6 45. Rh6+ Kf5 46. Rh4 Be6 47. Rb4 Kg6 48. f4 Kf5 49. g4+ Kxg4 50. f5+ Kxf5 51. Be7 Kxe5 52. Kf2 Kf5 53. Ke3 Kg6 54. Kf4 Ba2 55. Bf6 Be6 56. Rb8 Ba2 57. Rg8+ Kh7 58. Rh8+ Kg6 59. Rh6# 1-0


[Site "https://www.chess.com"]

[Event "Titled Tuesday Blitz November 14 Early 2023"]
[White "Korchmar, Vasiliy"]
[Black "Erzhanov, Arman"]
[WhiteFideId "24131750"]
[BlackFideId "4138821"]
[WhiteElo "2752"]
[BlackElo "2505"]
[Result "1-0"]
[Round "3"]
[TimeControl "180+1"]
[Date "2023.11.14"]
[WhiteClock "0:02:43"]
[BlackClock "0:00:17"]
[Board "92"]

1. e4 c5 2. d4 cxd4 3. Qxd4 Nc6 4. Qd3 g6 5. Nc3 Bg7 6. Nf3 d6 7. Be2 Nf6 8. O-O O-O 9. Nd5 Bg4 10. c3 Rc8 11. Bg5 Nxd5 12. exd5 Bxf3 13. Qxf3 Ne5 14. Qe3 f6 15. Bf4 a6 16. a4 Nc4 17. Bxc4 Rxc4 18. b3 Rc7 19. c4 Re8 20. h4 Qd7 21. Rfe1 Kf7 22. Qb6 Rc5 23. Re6 Qc7 24. Qb4 f5 25. Rae1 a5 26. Qd2 Rd8 27. Rxe7+ Qxe7 28. Rxe7+ Kxe7 29. Bg5+ Bf6 30. Bxf6+ Kxf6 31. Qg5+ 1-0


[Site "https://www.chess.com"]

[Event "Titled Tuesday Blitz November 14 Early 2023"]
[White "Shohat, Yotam"]
[Black "Sattarov, Bobir"]
[WhiteFideId "2813955"]
[BlackFideId "14203081"]
[WhiteElo "2503"]
[BlackElo "2752"]
[Result "1-0"]
[Round "3"]
[TimeControl "180+1"]
[Date "2023.11.14"]
[WhiteClock "0:00:11"]
[BlackClock "0:00:07"]
[Board "93"]

1. e4 e5 2. Nf3 Nc6 3. Bb5 a6 4. Ba4 Bc5 5. O-O Qf6 6. Nc3 Nge7 7. Nd5 Nxd5 8. exd5 Ne7 9. c4 O-O 10. Re1 Ng6 11. Bc2 d6 12. d4 Bg4 13. dxc5 Nh4 14. Be4 dxc5 15. Qd3 Bxf3 16. Bxf3 Rfe8 17. Be4 g6 18. g3 Nf5 19. Bxf5 gxf5 20. Bd2 Qg6 21. Bc3 f6 22. d6 Rad8 23. Qd5+ Kh8 24. d7 Re7 25. Rad1 f4 26. Qxc5 Qf7 27. Qxc7 Rexd7 28. Rxd7 Rxd7 29. Qc5 Rc7 30. Qd5 Qe8 31. Rxe5 Qd7 32. Qxd7 Rxd7 33. Rd5 Rc7 34. Bxf6+ Kg8 35. b3 f3 36. Kf1 Kf7 37. Bd4 Re7 38. Be3 Kg6 39. Rd6+ Kf5 40. Rd4 Ke5 41. Rf4 Rd7 42. Rxf3 Rd1+ 43. Kg2 Ra1 44. Rf7 Rxa2 45. Rxh7 b5 46. cxb5 axb5 47. Rh5+ Ke4 48. Rxb5 Rc2 49. h4 Kd3 50. h5 Ke2 51. h6 Rc7 52. Rh5 Rh7 53. g4 Ke1 54. g5 Ke2 55. g6 Rh8 56. g7 Rg8 57. Bd4 Kd3 58. Bf6 Ke2 59. h7 Rxg7+ 60. Bxg7 1-0


[Site "https://www.chess.com"]

[Event "Titled Tuesday Blitz November 14 Early 2023"]
[White "Aradhya, Garg"]
[Black "Srdanovic, Jovana"]
[WhiteFideId "25006746"]
[BlackFideId "954810"]
[WhiteElo "2746"]
[BlackElo "2503"]
[Result "0-1"]
[Round "3"]
[TimeControl "180+1"]
[Date "2023.11.14"]
[WhiteClock "0:00:04"]
[BlackClock "0:00:32"]
[Board "94"]

1. d4 d5 2. c4 e6 3. Nc3 Nf6 4. cxd5 Nxd5 5. e4 Nxc3 6. bxc3 c5 7. Rb1 cxd4 8. cxd4 Be7 9. Nf3 O-O 10. Bc4 b6 11. d5 Bc5 12. O-O Qc7 13. dxe6 Bxe6 14. Bxe6 fxe6 15. Qb3 Qc6 16. Ng5 Rf6 17. Be3 Nd7 18. Rfd1 Rg6 19. f3 h6 20. Nh3 Bxe3+ 21. Qxe3 e5 22. Rbc1 Nc5 23. Nf2 Rd6 24. Ng4 Rxd1+ 25. Rxd1 Qa4 26. Qd2 Re8 27. Qd5+ Kh8 28. h4 h5 29. Ne3 Re7 30. Kh2 Qe8 31. Qd8 Kh7 32. Nf5 Qxd8 33. Rxd8 Rd7 34. Rc8 Rd2 35. Rc7 Rxa2 36. Rxg7+ Kh8 37. Re7 Nd3 38. Kg1 b5 39. Nd6 b4 40. Nf7+ Kg8 41. Nxe5 Nxe5 42. Rxe5 b3 43. Rb5 b2 44. Kh2 a5 45. Rb7 a4 46. e5 a3 47. e6 Kf8 48. f4 Ra1 49. f5 b1=Q 50. Rxb1 Rxb1 51. Kg3 Rf1 0-1


[Site "https://www.chess.com"]

[Event "Titled Tuesday Blitz November 14 Early 2023"]
[White "Hambleton, Aman"]
[Black "Sadovsky, Artem"]
[WhiteFideId "2606577"]
[BlackFideId "4155840"]
[WhiteElo "2740"]
[BlackElo "2502"]
[Result "1-0"]
[Round "3"]
[TimeControl "180+1"]
[Date "2023.11.14"]
[WhiteClock "0:00:02"]
[BlackClock "0:00:01"]
[Board "95"]

1. d4 g6 2. e4 Bg7 3. c4 d6 4. Nc3 e5 5. d5 f5 6. Bd3 Nf6 7. f3 O-O 8. Nge2 a5 9. Be3 Na6 10. Qd2 Nc5 11. Bc2 b6 12. h3 fxe4 13. fxe4 Nh5 14. O-O-O Bd7 15. Rhf1 Qe7 16. g4 Nf4 17. Nxf4 exf4 18. Bxf4 a4 19. a3 Rf7 20. Bg5 Qf8 21. Rxf7 Qxf7 22. Kb1 Rf8 23. Qe3 Qf3 24. Qxf3 Rxf3 25. Bd8 Bxc3 26. bxc3 Rxc3 27. Bxc7 Rxa3 28. Bxd6 Rxh3 29. e5 Bxg4 30. Rd4 Bc8 31. e6 Re3 32. Bc7 Bxe6 33. dxe6 Nxe6 34. Rd7 Nxc7 35. Rxc7 a3 36. Rc6 g5 37. Rxb6 g4 38. Rb5 h6 39. Rh5 Kg7 40. Rh4 g3 41. Rg4+ Kf7 42. c5 Rc3 43. Bd1 Rxc5 44. Rxg3 a2+ 45. Kxa2 Re5 46. Kb2 h5 47. Kc2 Kf6 48. Kd2 h4 49. Rg8 Rg5 50. Rh8 Rg2+ 51. Ke3 Rh2 52. Bf3 Kg7 53. Rh5 Kg6 54. Kf4 Rf2 55. Rxh4 Rb2 56. Be4+ Kf6 57. Rh6+ Kg7 58. Ra6 Rb5 59. Bf5 Rb2 60. Kg5 Rg2+ 61. Bg4 Rd2 62. Ra7+ Kf8 63. Kf6 Rf2+ 64. Bf5 Re2 65. Rh7 Kg8 66. Rh4 Rf2 67. Rh3 Rf1 68. Rh2 Rf3 69. Kg6 Rg3+ 70. Kh5 Rf3 71. Kg4 Rf1 72. Kg5 Kg7 73. Rc2 Rg1+ 74. Bg4 Rf1 75. Rc6 Rf7 76. Rh6 Re7 77. Bf5 Kf8 78. Be6 Kg7 79. Rg6+ Kh7 80. Kf5 Kh8 81. Kf6 Re8 82. Rh6# 1-0


[Site "https://www.chess.com"]

[Event "Titled Tuesday Blitz November 14 Early 2023"]
[White "De Silva, L M S T"]
[Black "Toktomushev, Teimur"]
[WhiteFideId "9953698"]
[BlackFideId "14176726"]
[WhiteElo "2728"]
[BlackElo "2501"]
[Result "0-1"]
[Round "3"]
[TimeControl "180+1"]
[Date "2023.11.14"]
[WhiteClock "0:00:17"]
[BlackClock "0:00:03"]
[Board "96"]

1. d4 d5 2. c4 e6 3. Nf3 Nf6 4. g3 Bb4+ 5. Bd2 Be7 6. Bg2 O-O 7. Qc2 c6 8. O-O b6 9. Nc3 Ba6 10. Ne5 Nfd7 11. Nxd7 Nxd7 12. cxd5 cxd5 13. Rfc1 b5 14. e4 b4 15. Na4 Rc8 16. Qb3 Bc4 17. Qe3 dxe4 18. Bxe4 Nf6 19. Bg2 Bd5 20. Bf1 Rxc1 21. Rxc1 Qa8 22. Nc5 Rc8 23. Bxb4 a5 24. Ba3 h6 25. b3 Ne4 26. h4 Nd6 27. Bb2 Nf5 28. Qd2 Bf6 29. Nd7 Rxc1 30. Nxf6+ gxf6 31. Qxc1 Kg7 32. Qf4 Qb7 33. Bc1 Qc6 34. g4 Nxd4 35. Qxh6+ Kg8 36. Be3 Nf3+ 37. Kh1 Nd2+ 38. Kg1 Nf3+ 39. Kg2 Nd2+ 40. f3 Bxf3+ 41. Kf2 Nxf1 42. Kxf1 Qb5+ 43. Kg1 Qe2 44. Bf2 Qd1+ 45. Kh2 Qf1 46. Kg3 Qg2+ 47. Kf4 Qxf2 48. Qxf6 Bxg4+ 49. Kg5 Qxf6+ 50. Kxf6 Bd1 51. Ke5 Kg7 52. Kd6 f5 53. Kc5 f4 54. Kd4 f3 55. Ke3 e5 56. b4 axb4 0-1


[Site "https://www.chess.com"]

[Event "Titled Tuesday Blitz November 14 Early 2023"]
[White "Keleberda, Tymur"]
[Black "djokovic74"]
[WhiteFideId "14174294"]
[WhiteElo "2496"]
[BlackElo "2726"]
[Result "0-1"]
[Round "3"]
[TimeControl "180+1"]
[Date "2023.11.14"]
[WhiteClock "0:00:03"]
[BlackClock "0:00:05"]
[Board "97"]

1. e4 e6 2. d4 d5 3. Nc3 Nf6 4. e5 Nfd7 5. f4 c5 6. Nf3 Nc6 7. Ne2 Be7 8. c3 O-O 9. g3 f6 10. Bh3 Kh8 11. exf6 Nxf6 12. O-O Bd7 13. Be3 Ne4 14. dxc5 Nxc5 15. Ned4 Nxd4 16. Bxd4 Ne4 17. Ne5 Bf6 18. Qh5 Kg8 19. Rae1 Qe7 20. Qg4 Rae8 21. Nxd7 Qxd7 22. Bxf6 Rxf6 23. Bg2 Nc5 24. Qh5 Rd8 25. Qe5 Nd3 26. Qe3 Nxe1 27. Rxe1 a6 28. Qd4 Qd6 29. Bh3 Re8 30. Re5 Kf8 31. Bg2 Rf7 32. Kh1 Rc7 33. Qe3 Qc5 34. Qe2 Qb5 35. Qd2 g6 36. h4 Qc5 37. Qe2 Qc6 38. Kh2 Rf7 39. h5 Rf5 40. hxg6 hxg6 41. Re3 Kg7 42. Qg4 Rh8+ 43. Kg1 Qb6 44. Kf2 Rh2 45. Kf3 Rxg2 46. Kxg2 Qxe3 47. Qd1 Qe4+ 48. Kh3 Rh5+ 49. Kg4 Qf5+ 50. Kf3 Qe4+ 51. Kg4 Rh2 52. Qb3 Qe2+ 53. Kg5 Qh5# 0-1


[Site "https://www.chess.com"]

[Event "Titled Tuesday Blitz November 14 Early 2023"]
[White "Krivonosov, Oleg"]
[Black "Zoete, Roelant"]
[WhiteFideId "11600349"]
[BlackFideId "40103269"]
[WhiteElo "2721"]
[BlackElo "2494"]
[Result "1-0"]
[Round "3"]
[TimeControl "180+1"]
[Date "2023.11.14"]
[WhiteClock "0:01:04"]
[BlackClock "0:00:10"]
[Board "98"]

1. Nf3 Nf6 2. c4 e6 3. g3 d5 4. d4 dxc4 5. Qa4+ Nbd7 6. Bg2 a6 7. Nc3 Rb8 8. Qxc4 b5 9. Qd3 Bb7 10. O-O Be7 11. Bg5 O-O 12. Rfd1 c5 13. dxc5 Nxc5 14. Qxd8 Rfxd8 15. Ne5 Bxg2 16. Kxg2 Rxd1 17. Rxd1 Rd8 18. Nc6 Rxd1 19. Nxd1 Bd6 20. Bxf6 gxf6 21. f3 Kf8 22. Nf2 Ke8 23. Nb4 Kd7 24. Nbd3 f5 25. e4 fxe4 26. fxe4 f6 27. Nxc5+ Bxc5 28. Nd3 Kd6 29. g4 Bd4 30. b3 Ke7 31. Nb4 Kd6 32. Nd3 a5 33. Kf3 Bc3 34. h3 h6 35. Kf4 Bd2+ 36. Kg3 Bg5 37. Kf3 Bd2 38. e5+ fxe5 39. Ke4 Bc3 40. h4 Bd2 41. Nxe5 Ke7 42. Nf3 Bc1 43. Nd4 b4 44. Nc6+ Kf6 45. Nxa5 Bd2 46. Nc4 Be1 47. h5 Kg5 48. Kf3 Bc3 49. Nd6 Kf6 50. Ne4+ Ke5 51. g5 hxg5 52. Nxg5 Kf5 53. Ne4 Bd4 54. Ng3+ Kg5 55. Ke4 Bf2 56. Ne2 Kxh5 57. Nf4+ Kg4 58. Nxe6 Bb6 59. Kd5 Kf3 60. Kc4 Ke4 61. Nc5+ Ke5 62. Nd3+ Kd6 63. Nxb4 Ba5 64. a4 Bxb4 65. Kxb4 Kc6 66. a5 Kb7 67. Kb5 Ka7 68. a6 Ka8 69. Kb6 Kb8 70. b4 Ka8 71. b5 Kb8 72. Kc6 Ka8 73. Kc7 Ka7 74. b6+ Kxa6 75. b7 Ka5 76. b8=Q Ka4 77. Kc6 Ka5 78. Qb5# 1-0


[Site "https://www.chess.com"]

[Event "Titled Tuesday Blitz November 14 Early 2023"]
[White "Finek, Vaclav"]
[Black "Zomorrodian, Eilia"]
[WhiteFideId "23718293"]
[BlackFideId "12551805"]
[WhiteElo "2715"]
[BlackElo "2490"]
[Result "1-0"]
[Round "3"]
[TimeControl "180+1"]
[Date "2023.11.14"]
[WhiteClock "0:00:43"]
[BlackClock "0:00:22"]
[Board "99"]

1. d4 Nf6 2. Nf3 g6 3. c4 Bg7 4. g3 O-O 5. Bg2 d6 6. O-O Nc6 7. Nc3 Bf5 8. Ne1 a6 9. e4 Bd7 10. h3 e5 11. d5 Nd4 12. Nc2 Re8 13. Be3 Nxc2 14. Qxc2 c5 15. dxc6 bxc6 16. Rfd1 Bf8 17. c5 dxc5 18. Na4 Qc7 19. Nxc5 Be6 20. Rac1 a5 21. b3 Bxc5 22. Bxc5 a4 23. bxa4 Qa5 24. Bd6 Qxa4 25. Bxe5 Nd7 26. Ba1 Qxa2 27. Qc3 f6 28. Rxd7 Bxd7 29. Qxf6 Re6 30. Qg7# 1-0


[Site "https://www.chess.com"]

[Event "Titled Tuesday Blitz November 14 Early 2023"]
[White "Martinez Ramirez, Lennis"]
[Black "Kovalevsky, Stanislav"]
[WhiteFideId "3509079"]
[BlackFideId "13508598"]
[WhiteElo "2691"]
[BlackElo "2488"]
[Result "1-0"]
[Round "3"]
[TimeControl "180+1"]
[Date "2023.11.14"]
[WhiteClock "0:02:18"]
[BlackClock "0:02:21"]
[Board "100"]

1. c4 c6 2. e4 d5 3. exd5 cxd5 4. cxd5 Nf6 5. Nc3 Nxd5 6. Bc4 Nb6 7. Bb3 Nc6 8. Nf3 Bg4 9. Bxf7+ Kxf7 10. Ng5+ Ke8 11. Qxg4 Ne5 12. Qe6 Nd3+ 13. Kf1 Qd4 14. Qf7+ Kd8 15. Ne6+ 1-0


[Site "https://www.chess.com"]

[Event "Titled Tuesday Blitz November 14 Early 2023"]
[White "Godzwon, Iwo"]
[Black "Morgunov, Marc"]
[WhiteFideId "21802483"]
[BlackFideId "1640305"]
[WhiteElo "2673"]
[BlackElo "2482"]
[Result "0-1"]
[Round "3"]
[TimeControl "180+1"]
[Date "2023.11.14"]
[WhiteClock "0:00:12"]
[BlackClock "0:01:10"]
[Board "101"]

1. e4 c5 2. Nf3 d6 3. c3 Nf6 4. h3 g6 5. Bd3 Bg7 6. O-O O-O 7. Bc2 e5 8. Re1 Nc6 9. d3 Re8 10. Bg5 h6 11. Bxf6 Bxf6 12. Nbd2 Be6 13. Bb3 d5 14. Nf1 d4 15. Qc2 Rc8 16. N1d2 b5 17. a4 a6 18. axb5 axb5 19. Ra6 Qd7 20. Rea1 Red8 21. Bxe6 Qxe6 22. Rb6 Nb4 23. Rxe6 Nxc2 24. Rxf6 Nxa1 25. Nxe5 dxc3 26. bxc3 c4 27. Rxf7 Nb3 28. Nxb3 cxb3 29. Rb7 Rb8 30. Rxb8 Rxb8 31. Nf3 b2 32. Nd2 Rc8 33. Kf1 Rxc3 34. Ke2 Rc2 35. Ke3 Rxd2 0-1


[Site "https://www.chess.com"]

[Event "Titled Tuesday Blitz November 14 Early 2023"]
[White "Dudzinski, Pawel"]
[Black "Gubajdullin, Alexei"]
[WhiteFideId "1117890"]
[BlackFideId "4141202"]
[WhiteElo "2482"]
[BlackElo "2671"]
[Result "1-0"]
[Round "3"]
[TimeControl "180+1"]
[Date "2023.11.14"]
[WhiteClock "0:00:46"]
[BlackClock "0:00:18"]
[Board "102"]

1. e4 g6 2. Nc3 Bg7 3. g3 d6 4. Bg2 Nf6 5. Nge2 c5 6. d4 cxd4 7. Nxd4 O-O 8. h3 Nc6 9. Be3 Bd7 10. O-O Ne5 11. b3 Bc6 12. f4 Ned7 13. Nxc6 bxc6 14. Ne2 Qc7 15. c4 a5 16. Rc1 a4 17. b4 a3 18. Qd2 Ra4 19. Rb1 Rb8 20. Rb3 c5 21. Rfb1 cxb4 22. Rxb4 Raxb4 23. Rxb4 Nc5 24. Rxb8+ Qxb8 25. Bxc5 dxc5 26. e5 Ne8 27. Nc3 Qb2 28. Qxb2 axb2 29. a4 f6 30. Bd5+ Kf8 31. e6 f5 32. Nb1 Nc7 33. a5 Nxd5 34. cxd5 c4 35. a6 c3 36. a7 Bd4+ 37. Kg2 Bxa7 38. Nxc3 h5 39. Kf3 Ke8 40. Ke2 Kd8 41. Kd3 Bf2 42. Kc2 Bxg3 43. Ne2 Bh4 44. Kxb2 Kc7 45. Kc3 Kd6 46. Kc4 g5 47. Nd4 Kc7 48. Nxf5 Bf2 49. fxg5 Kd8 50. g6 1-0


[Site "https://www.chess.com"]

[Event "Titled Tuesday Blitz November 14 Early 2023"]
[White "MFatigue"]
[Black "Koellner, Ruben Gideon"]
[BlackFideId "12993093"]
[WhiteElo "2481"]
[BlackElo "2670"]
[Result "1/2-1/2"]
[Round "3"]
[TimeControl "180+1"]
[Date "2023.11.14"]
[WhiteClock "0:00:11"]
[BlackClock "0:00:21"]
[Board "103"]

1. e4 d6 2. Nc3 Nf6 3. g3 e5 4. Bg2 Be7 5. d3 c5 6. f4 Nc6 7. Nf3 Nd4 8. Ne2 Bg4 9. Nfxd4 cxd4 10. h3 Be6 11. c3 dxc3 12. Nxc3 Qb6 13. Qe2 Rc8 14. Be3 Qa6 15. f5 Bd7 16. d4 Qxe2+ 17. Kxe2 b5 18. a3 O-O 19. dxe5 dxe5 20. Bxa7 b4 21. axb4 Bxb4 22. Rhc1 Bc6 23. Nd5 Nxd5 24. exd5 Bb5+ 25. Ke3 f6 26. Be4 Rxc1 27. Rxc1 Ra8 28. Bb6 Ra6 29. Bc5 Bxc5+ 30. Rxc5 Rb6 31. Kd2 Kf8 32. Kc3 Ke7 33. Rc7+ Bd7 34. b4 Ra6 35. Kb2 Kd6 36. Rc5 Ra4 37. Rc4 Bb5 38. Kb3 Bxc4+ 39. Kxa4 Bxd5 40. Bxd5 Kxd5 41. Kb3 Kd4 42. g4 h6 43. h4 e4 44. b5 Kc5 45. Kc3 Kxb5 46. Kd4 Kb4 47. Kxe4 Kc4 48. Kf4 Kd4 49. h5 Kd3 50. Kf3 Kd2 51. Kf2 Kd3 52. Kf3 Kd4 53. Kf4 Kd5 54. Kf3 Ke5 55. Ke3 Kd5 56. Kf3 Ke5 57. Ke3 Kd5 58. Kf3 1/2-1/2


[Site "https://www.chess.com"]

[Event "Titled Tuesday Blitz November 14 Early 2023"]
[White "Golubev, Mikhail"]
[Black "Kanyamarala, Tarun"]
[WhiteFideId "14100983"]
[BlackFideId "45004714"]
[WhiteElo "2667"]
[BlackElo "2479"]
[Result "1/2-1/2"]
[Round "3"]
[TimeControl "180+1"]
[Date "2023.11.14"]
[WhiteClock "0:00:08"]
[BlackClock "0:00:05"]
[Board "104"]

1. e4 c5 2. Nf3 e6 3. d4 cxd4 4. Nxd4 a6 5. Bd3 Bc5 6. Be3 Qb6 7. c3 Qxb2 8. Nd2 Qxc3 9. Rc1 Qxd3 10. Rxc5 Nc6 11. Qc1 Nxd4 12. Rxc8+ Rxc8 13. Qxc8+ Ke7 14. Qc5+ d6 15. Qxd4 Qxd4 16. Bxd4 e5 17. Be3 Nf6 18. Ke2 Rc8 19. Rb1 b5 20. Kd3 Nd7 21. Nb3 g6 22. Rc1 Rxc1 23. Bxc1 f5 24. f3 Nb6 25. Nd2 Ke6 26. Ba3 d5 27. exd5+ Kxd5 28. Bf8 Nd7 29. Bb4 Nb8 30. Nb1 Nc6 31. Nc3+ Ke6 32. Bc5 Nd8 33. a3 Nb7 34. Be3 Nd6 35. Bc1 a5 36. Bd2 Kd7 37. Nb1 Nc4 38. Bc3 Kc6 39. a4 Kc5 40. axb5 Kxb5 41. Kc2 a4 42. Kd3 a3 43. Nd2 Nb2+ 44. Bxb2 axb2 45. Kc2 Kc5 46. Nb3+ Kc4 47. Kxb2 Kd3 48. Nc5+ Ke3 49. Nd7 e4 50. fxe4 fxe4 51. Nf6 Kf2 52. Nxe4+ Kxg2 53. Nf6 Kxh2 54. Nxh7 g5 55. Nxg5 1/2-1/2


[Site "https://www.chess.com"]

[Event "Titled Tuesday Blitz November 14 Early 2023"]
[White "Grochal, Joey"]
[Black "Skliarov, Viktor"]
[WhiteFideId "1019945"]
[BlackFideId "14106736"]
[WhiteElo "2478"]
[BlackElo "2667"]
[Result "0-1"]
[Round "3"]
[TimeControl "180+1"]
[Date "2023.11.14"]
[WhiteClock "0:00:11"]
[BlackClock "0:00:23"]
[Board "105"]

1. e4 c5 2. Nf3 Nc6 3. d4 cxd4 4. Nxd4 Nf6 5. Nc3 e5 6. Ndb5 d6 7. Bg5 a6 8. Na3 b5 9. Nd5 Be7 10. Bxf6 Bxf6 11. c3 O-O 12. Nc2 Bg5 13. a4 bxa4 14. Rxa4 a5 15. Bc4 Rb8 16. b3 Kh8 17. h4 Bh6 18. g4 f6 19. Nce3 Bd7 20. Ra2 Ne7 21. Nxe7 Qxe7 22. Nd5 Qd8 23. f3 Bc6 24. Rg2 Bxd5 25. Qxd5 Bf4 26. Ke2 Qb6 27. Qd3 a4 28. b4 Rfc8 29. Be6 Rc7 30. g5 fxg5 31. hxg5 g6 32. Rd1 Rf8 33. b5 Ra7 34. c4 a3 35. Rgg1 a2 36. Ra1 Qc5 37. Rgd1 Ra3 38. Qd5 Qe3+ 39. Kf1 Qxf3+ 40. Ke1 Re3+ 41. Kd2 Re2# 0-1


[Site "https://www.chess.com"]